 Dungeon Crawl Stone Soup version 0.20-a0-672-gd6c3c51 (webtiles) character file.

6491 kae the Carver (level 11, -11/90 HPs)
             Began as a Barachian Fighter on Feb 17, 2017.
             Was an Initiate of Cheibriados.
             Mangled by a two-headed ogre
             ... wielding a +0 giant spiked club
              (12 damage)
             ... on level 10 of the Dungeon.
             The game lasted 00:12:15 (11305 turns).

kae the Carver (Barachian Fighter)                 Turns: 11305, Time: 00:12:16

Health: -11/90     AC: 14    Str: 21    XL:     11   Next: 0%
Magic:  0/11       EV:  9    Int: 10    God:    Cheibriados [......]
Gold:   347        SH:  0    Dex: 13    Spells: 10/10 levels left

rFire    . . .     SeeInvis .   s - +0 great sword (flame)
rCold    + . .     Gourm    .   b - +0 scale mail
rNeg     . . .     Faith    .   (shield currently unavailable)
rPois    .         Spirit   +   (no helmet)
rElec    .         Reflect  .   q - +1 cloak
rCorr    .         Harm     .   l - +2 pair of gloves
MR       .....                  (no boots)
Stlth    ..........             B - amulet of guardian spirit
Regen    0.3/turn               (no ring)
MPRegen  0.2/turn               d - ring of protection from cold

@: very slow
A: swims, mutation resistance 1, slowness 1, wild magic 1, strong legs 1
a: Hop, Bend Time, Renounce Religion


You were on level 10 of the Dungeon.
You worshipped Cheibriados.
Cheibriados was noncommittal.
You were hungry.

You visited 2 branches of the dungeon, and saw 11 of its levels.

You collected 640 gold pieces.
You spent 293 gold pieces at shops.

Inventory:

Hand Weapons
 a - a +1 long sword
 s - a +0 great sword of flaming (weapon)
Armour
 b - a +0 scale mail (worn)
 c - a +0 shield
 l - a +2 pair of gloves (worn)
 q - a +1 cloak (worn)
Jewellery
 d - a ring of protection from cold (left hand)
 j - a +3 ring of intelligence
 B - an amulet of guardian spirit (around neck)
Wands
 g - a wand of paralysis (7/24)
 n - a wand of iceblast (0/15)
 w - a wand of confusion (38/48)
 x - a wand of random effects (24/48)
 D - a wand of paralysis (12/24)
 F - a wand of lightning (0/15)
Scrolls
 h - 2 scrolls of fog
 p - a scroll of blinking
 t - 4 scrolls of enchant armour
 u - a scroll of fear
 v - 4 scrolls of enchant weapon
 y - a scroll of remove curse
 C - 2 scrolls of identify
 E - a scroll of recharging
Potions
 e - 2 potions of brilliance
 i - 3 potions of curing
 k - a potion of haste
 m - a potion of degeneration
 z - a potion of mutation
 A - a potion of flight
Comestibles
 f - 5 bread rations
 o - 3 royal jellies
 r - 7 meat rations


   Skills:
 + Level 9.7 Fighting
 * Level 12.3 Long Blades
 + Level 9.7 Armour
 - Level 3.0 Shields


You had 10 spell levels left.
You didn't know any spells.

Dungeon Overview and Level Annotations

Branches:
Dungeon (10/15)            Temple (1/1) D:7            Lair (0/6) D:10
    Orc (0/2) D:9

Altars:
Ashenzari
Cheibriados
Dithmenos
Elyvilon
Fedhas
Gozag
Hepliaklqana
Kikubaaqudgha
Makhleb
Nemelex Xobeh
Okawaru
Qazlal
Ru
Sif Muna
Trog
Uskayaw
Vehumet
Xom
Yredelemnul
Zin
The Shining One
Beogh

Shops:
D:7 ?*(

Annotations:
D:8 exclusion: 2 doors


Innate Abilities, Weirdness & Mutations

You can swim through water.
You cover ground slowly.
You can hop short distances.
You are somewhat resistant to further mutation.
Your spells are a little harder to cast, but a little more powerful.


Message History

You are too injured to fight recklessly!
You slash the two-headed ogre! You burn the two-headed ogre.
The two-headed ogre is moderately wounded.
The two-headed ogre hits you with a giant spiked club!!
The two-headed ogre completely misses you.
You slice the two-headed ogre!! You burn the two-headed ogre.
The two-headed ogre is severely wounded.
The two-headed ogre hits you with a giant spiked club!
* * * LOW HITPOINT WARNING * * *
The two-headed ogre hits you with a giant club.
* * * LOW HITPOINT WARNING * * *
You barely miss the two-headed ogre.
The two-headed ogre is severely wounded.
You hit the two-headed ogre. You burn the two-headed ogre.
The two-headed ogre is almost dead.
The two-headed ogre hits you with a giant spiked club!!
* * * LOW HITPOINT WARNING * * *
The two-headed ogre barely misses you.
The two-headed ogre hits you with a giant spiked club!
You die...

+........# #......#
#........## #......#
#........'####......#
#........#.#........#
#........#.#........#
#........#.'........#
##'#########........#
#....# ####.#'###
####@# #.#.# #O#
#.#.#### #o# #.#..<.#
#....Y..# ####.####+#
#.....o.### #..........
#.......+.###..........
#.......#...#..........
+.......###.'[.........
#.......#
###รท.........


You could see a two-headed ogre, an orc warrior, a sky beast and an orc.

Vanquished Creatures
  2 two-headed ogres (D:9)
  A komodo dragon (D:10)
  The ghost of retryentry the Ruffian, an amateur DrTm of Ru (D:5)
  Sigmund (D:5)
  A shadow (D:8)
  A vampire mosquito (D:8)
  A hungry ghost (D:8)
  4 orc warriors
  A black bear (D:8)
  4 phantoms
  3 ice beasts
  A necrophage (D:7)
  2 ogres (D:8)
  2 centaurs (D:7)
  The ghost of Chiseanne the Ducker, an amateur SpGl (D:3)
  8 bullfrogs
  6 scorpions
  8 wights
  4 crimson imps
  4 hounds
  A centaur zombie (D:9)
  A bullfrog zombie (D:7)
  7 jellies
  2 bullfrog skeletons
  7 orc wizards
  3 orc priests
  Crazy Yiuf (D:2)
  3 iguanas
  Natasha (twice) (D:3)
  2 worker ants
  2 killer bee zombies (D:6)
  A mummy (D:9)
  2 hound skeletons (D:4)
  A howler monkey zombie (D:6)
  A worker ant zombie (D:6)
  7 gnolls
  A howler monkey skeleton (D:8)
  11 adders
  2 shadow imps (D:6)
  2 oozes
  An adder skeleton (D:4)
  2 adder zombies
  4 worms
  5 dart slugs
  3 leopard geckos
  22 orcs
  13 giant cockroaches
  10 goblins
  10 hobgoblins
  17 jackals
  4 quokkas
  5 ball pythons
  7 bats
  8 frilled lizards
  A jackal skeleton (D:3)
  5 kobolds
  3 leopard gecko skeletons
  A leopard gecko zombie (D:5)
  A quokka zombie (D:6)
  8 rats
245 creatures vanquished.

Vanquished Creatures (others)
  An orc wizard (D:5)
  2 orcs (D:5)
  3 plants (D:10)
6 creatures vanquished.

Grand Total: 251 creatures vanquished

Notes
Turn   | Place    | Note
-------+----------+-------------------------------------------
     0 | D:1      | kae the Barachian Fighter began the quest for the Orb.
     0 | D:1      | Reached XP level 1. HP: 18/18 MP: 1/1
   267 | D:1      | Reached XP level 2. HP: 21/24 MP: 2/2
   443 | D:1      | Reached skill level 3 in Long Blades
   546 | D:1      | Reached XP level 3. HP: 29/29 MP: 3/3
  1347 | D:2      | Reached XP level 4. HP: 33/37 MP: 4/4
  1712 | D:2      | Reached skill level 4 in Long Blades
  1732 | D:2      | Found a bloodstained altar of Trog.
  1861 | D:2      | Found a runed door.
  2057 | D:2      | Noticed Crazy Yiuf
  2065 | D:2      | Killed Crazy Yiuf
  2065 | D:2      | Reached XP level 5. HP: 13/43 MP: 5/5
  2194 | D:3      | Noticed Chiseanne's ghost (amateur SpGl)
  2210 | D:3      | Killed Chiseanne's ghost
  2400 | D:3      | Reached skill level 5 in Long Blades
  2400 | D:3      | Reached XP level 6. HP: 43/49 MP: 6/6
  2496 | D:3      | Noticed Natasha
  2513 | D:3      | Killed Natasha
  2582 | D:3      | Found an opulent altar of Gozag.
  2643 | D:3      | Noticed Natasha
  2665 | D:3      | Killed Natasha
  3126 | D:3      | Reached skill level 5 in Fighting
  3278 | D:4      | Found a glowing drain.
  3437 | D:4      | Found an ancient bone altar of Kikubaaqudgha.
  3516 | D:4      | Found a shadowy altar of Dithmenos.
  3521 | D:4      | Noticed a phantom
  3533 | D:4      | Killed a phantom
  3533 | D:4      | Reached skill level 5 in Armour
  3533 | D:4      | Reached XP level 7. HP: 56/56 MP: 7/7
  3564 | D:4      | Found a deep blue altar of Sif Muna.
  3585 | D:4      | Found a basalt altar of Yredelemnul.
  3724 | D:4      | Reached skill level 6 in Long Blades
  4204 | D:4      | Found a sacrificial altar of Ru.
  4204 | D:4      | Found a blossoming altar of Fedhas.
  4408 | D:5      | Entered Level 5 of the Dungeon
  4612 | D:5      | Noticed Sigmund
  4649 | D:4      | Reached XP level 8. HP: 50/64 MP: 8/8
  4683 | D:4      | Reached skill level 7 in Long Blades
  4854 | D:5      | Killed Sigmund
  4902 | D:5      | Noticed retryentry's ghost (amateur DrTm)
  4928 | D:5      | Killed retryentry's ghost
  4933 | D:5      | Reached skill level 8 in Long Blades
  5399 | D:5      | Found a stormy altar of Qazlal.
  6072 | D:6      | You fall through a shaft for 3 floors!
  6104 | D:9      | Reached XP level 9. HP: 37/72 MP: 9/9
  6310 | D:8      | Reached skill level 9 in Long Blades
  6392 | D:7      | Found Xedghisk's Magic Scroll Shop.
  6401 | D:7      | Bought a scroll of identify for 24 gold pieces
  6401 | D:7      | Bought a scroll of identify for 24 gold pieces
  6401 | D:7      | Bought a scroll of enchant weapon for 90 gold pieces
  6825 | D:7      | Found Lufaj's Assorted Antiques.
  6909 | D:7      | Bought a scroll labeled ANEITACIQO for 31 gold pieces
  6909 | D:7      | Bought a forked iron wand for 124 gold pieces
  6917 | D:7      | Found Udou's Weapon Emporium.
  7492 | D:6      | Found an iron altar of Okawaru.
  7920 | D:7      | Found a staircase to the Ecumenical Temple.
  7930 | Temple   | Entered the Ecumenical Temple
  8110 | D:7      | Reached skill level 10 in Long Blades
  8573 | D:8      | Noticed a gargoyle
  8578 | D:8      | Gained mutation: You are somewhat resistant to further mutation. [potion of mutation]
  8578 | D:8      | Gained mutation: Your spells are a little harder to cast, but a little more powerful. [potion of mutation]
  9223 | D:8      | Reached XP level 10. HP: 82/82 MP: 10/10
  9564 | D:8      | Reached skill level 11 in Long Blades
  9678 | D:8      | Noticed a six-headed hydra
  9972 | D:9      | Noticed a two-headed ogre
  9976 | D:9      | Killed a two-headed ogre
 10024 | D:9      | Noticed a two-headed ogre
 10032 | D:9      | Killed a two-headed ogre
 10401 | D:9      | Found a staircase to the Orcish Mines.
 10414 | D:9      | Reached skill level 12 in Long Blades
 10815 | D:9      | Found a roughly hewn altar of Beogh.
 10864 | D:9      | Found a snail-covered altar of Cheibriados.
 10873 | D:9      | Became a worshipper of Cheibriados the Contemplative
 10971 | D:10     | Entered Level 10 of the Dungeon
 10971 | D:10     | Found a staircase to the Lair.
 11274 | D:10     | Reached XP level 11. HP: 88/90 MP: 9/11
 11291 | D:10     | Noticed a two-headed ogre
 11304 | D:10     | HP: 1/90 [two-headed ogre/giant spiked club (19)]
 11305 | D:10     | Mangled by a two-headed ogre

Vault maps used:
D:1:      dpeg_arrival_brainrot, minmay_box_of_dots
D:2:      lemuel_round_altar, uniq_crazy_yiuf_cottage
D:3:      lemuel_round_altar, first_bread, uniq_natasha
D:4:      yredelemnul_altar_generic, lemuel_round_altar, lemuel_round_altar,
          lemuel_crystal_altar, gammafunk_temple_overflow_elements,
          portal_sewer_entry_b
D:5:      nicolae_qazlal_eye_of_the_storm, uniq_sigmund
D:6:      serial_undead, serial_undead_f, serial_undead_e, serial_undead_a,
          serial_undead_d, basic_altar
D:7:      nicolae_whirlpool, temple_green, serial_shops, shop, shop, shop
D:8:      minmay_evil_grid
D:9:      slow_altar_2, minmay_orc_entry_temple_small
D:10:     david_lair_shrubbed, serial_bayou_ford_a, hangedman_pestilent_swarm,
          lightli_wizard_tower
Temple:   hc_temple_tempest_star

Skill      XL: |  1  2  3  4  5  6  7  8  9 10 |
---------------+-------------------------------+-----
Long Blades    | 3 4 5 6 8 10 12 | 12.3
Fighting       | 4 5 6 7 8 9 |  9.7
Armour         | 4 5 6 8 9 |  9.7
Shields        | |  3.0

Action                   |  1- 3 |  4- 6 |  7- 9 | 10-12 || total
-------------------------+-------+-------+-------+-------++-------
Melee: Long sword        |   125 |   272 |   339 |       ||   736
       Great sword       |       |       |   128 |   169 ||   297
Evoke: Wand              |       |       |       |     3 ||     3
  Use: Scroll            |     6 |       |    12 |       ||    18
       Potion            |       |     1 |     9 |     1 ||    11
 Stab: Invisible         |       |       |     4 |       ||     4
  Eat: Chunk             |     2 |     3 |    18 |     8 ||    31
       Royal jelly       |       |     1 |     1 |       ||     2
       Bread ration      |       |     1 |       |       ||     1
Armor: Scale mail        |    85 |   135 |   216 |    97 ||   533
       Skin              |       |       |    25 |       ||    25
Dodge: Dodged            |    40 |    79 |   140 |    61 ||   320
Block: Shield            |    78 |   130 |   137 |       ||   345
       Rpst.: Long sword |    13 |    28 |    20 |       ||    61
       Great sword       |       |       |    26 |    21 ||    47
